Map: Prion Terraces

Players

Elazer - Winner!

  • Race: Zerg Zerg
  • League: Grandmaster

Zanster

  • Race: Zerg Zerg

Event: 2016 WCS Winter Challenger Europe

VOD

Have the link to the VOD?

Description

Time

  • Played on: Feb. 13, 2016, 12:07 p.m.
  • Length: 12:25

All games in this series

Show
View Real Time Build Order
Export as new Build Order

Elazer Zerg - Winner!

Build Orders: Pool First, Zergling Baneling 

Get SALT Encoding   

  12  0:00  Drone  
  13  0:12  Overlord  
  13  0:17  Drone  
  14  0:31  Drone x2  
  14  0:34  Drone  
  17  0:37  Extractor  
  16  0:47  Spawning Pool  
  16  0:49  Drone  
  16  0:55  Drone  
  17  1:06  Drone  
  18  1:20  Hatchery  
  17  1:33  Queen  
  17  1:34  Zergling x2  
  20  1:41  Metabolic Boost  
  20  1:45  Drone  
  21  1:51  Overlord  
  21  2:09  Queen  
  21  2:12  Baneling Nest  
  21  2:14  Zergling x2  
  23  2:17  Drone  
  24  2:25  Drone x2  
  26  2:40  Zergling x4  
  26  2:42  Zergling x4  
  30  2:44  Zergling x2  
  30  2:50  Zergling x4  
  33  2:56  Zergling x2  
  33  3:05  Zergling x4  
  35  3:08  Baneling x3  
  35  3:11  Overlord  
  35  3:29  Drone  
  35  3:30  Drone x2  
  35  3:31  Drone  
  35  3:32  Drone x3  
  39  3:41  Zergling x4  
  34  3:49  Zergling x2  
  34  3:50  Zergling x8  
  34  3:51  Queen  
  34  3:55  Queen  
  42  4:00  Baneling x2  
  42  4:01  Baneling x2  
  42  4:03  Drone  
  42  4:04  Drone  
  42  4:07  Overlord  
  44  4:15  Baneling x2  
  44  4:25  Spine Crawler  
  44  4:29  Roach Warren  
  44  4:31  Drone x3  
  45  4:32  Evolution Chamber  
  45  4:34  Drone x2  
  45  4:36  Drone  
  45  4:38  Drone x3, Extractor  
  50  4:54  Hatchery  
  50  4:59  Overlord, Zerg Missile Weapons Level 1  
  49  5:01  Drone  
  49  5:02  Extractor  
  49  5:05  Drone x2  
  49  5:06  Overlord, Drone  
  52  5:14  Overlord x2  
  52  5:18  Roach x2  
  56  5:23  Roach  
  56  5:24  Roach  
  59  5:36  Roach x2  
  59  5:38  Roach  
  59  5:39  Roach x2  
  59  5:42  Overlord  
  69  5:43  Overlord  
  69  5:45  Roach  
  69  5:47  Roach  
  73  5:53  Roach x2  
  77  5:57  Roach  
  79  6:08  Roach x5  
  89  6:12  Zergling x2  
  89  6:13  Zergling x4  
  89  6:16  Baneling  
  89  6:17  Baneling x2  
  92  6:19  Zergling x4  
  92  6:22  Baneling  
  94  6:26  Baneling x2  
  94  6:27  Zergling x4  
  94  6:31  Zergling x4  
  100  6:40  Roach x4  
  102  6:49  Zergling x6  
  97  6:55  Drone  
  97  6:56  Drone x3  
  97  6:57  Roach x3  
  95  7:01  Roach  
  95  7:05  Roach  
  95  7:06  Roach  
  92  7:10  Drone  
  92  7:13  Roach x4  
  100  7:22  Lair  
  100  7:23  Overlord x2  
  100  7:27  Extractor  
  99  7:32  Drone x3  
  99  7:33  Overlord  
  99  7:34  Overlord  
  102  7:46  Ravager  
  102  7:47  Ravager, Roach  
  102  7:48  Roach  
  102  7:49  Zergling x14  
  109  8:01  Overlord  
  109  8:05  Extractor, Roach x2  
  112  8:06  Roach x5  
  112  8:08  Spore Crawler  
  112  8:12  Spore Crawler  
  116  8:18  Spore Crawler  
  116  8:19  Spore Crawler  
  113  8:25  Hydralisk Den  
  112  8:27  Drone x2  
  112  8:33  Drone x5  
  119  8:37  Glial Reconstitution  
  119  8:39  Drone  
  119  8:40  Drone x2  
  119  8:45  Drone x3  
  119  8:46  Overlord x2  
  121  8:57  Overlord  
  121  8:58  Overlord  
  121  8:59  Overlord, Muscular Augments  
  121  9:06  Hydralisk x2  
  121  9:07  Hydralisk  
  124  9:17  Hydralisk  
  124  9:18  Hydralisk x3  
  124  9:21  Drone x3  
  135  9:28  Hydralisk x3  
  141  9:31  Zerg Missile Weapons Level 2  
  139  9:51  Hatchery  
  128  9:55  Hydralisk x6  
  138  10:05  Hatchery  
  138  10:07  Hydralisk x3  
  138  10:13  Spore Crawler  
  143  10:16  Overlord x2  
  143  10:25  Hydralisk  
  143  10:26  Hydralisk x3  
  151  10:34  Roach x2  
  151  10:35  Roach x3  
  154  10:47  Roach  
  154  10:48  Roach x3  
  162  10:53  Ravager  
  162  10:55  Roach x2  
  167  11:01  Roach x2  
  171  11:09  Overlord x2  
  152  11:29  Roach x6  
  96  11:42  Roach x4  
  96  11:46  Ravager x2  
  104  11:54  Roach x3  
  106  12:06  Roach x2  
  93  12:24  Ravager x2  
Show
View Real Time Build Order
Export as new Build Order

Zanster Zerg 

Build Orders: Hatch First 

Get SALT Encoding   

  12  0:00  Drone  
  13  0:12  Overlord  
  13  0:17  Drone  
  14  0:30  Drone  
  14  0:31  Drone  
  14  0:34  Drone  
  17  0:52  Hatchery  
  17  0:55  Drone  
  17  0:59  Drone  
  18  1:07  Extractor  
  17  1:13  Spawning Pool  
  17  1:15  Drone  
  17  1:19  Drone  
  18  1:28  Drone  
  19  1:40  Overlord  
  19  2:00  Queen  
  19  2:01  Zergling x2  
  22  2:04  Spine Crawler, Queen  
  22  2:05  Drone  
  22  2:06  Drone  
  25  2:15  Metabolic Boost  
  25  2:27  Zergling x4  
  27  2:30  Drone x2  
  30  2:37  Baneling Nest, Drone  
  30  2:42  Queen  
  32  2:47  Overlord  
  32  2:57  Drone  
  33  3:01  Zergling x2  
  33  3:02  Drone  
  35  3:12  Evolution Chamber  
  34  3:16  Zergling x6  
  34  3:17  Drone x5  
  42  3:21  Baneling  
  42  3:22  Baneling  
  42  3:23  Baneling x2  
  43  3:27  Zergling x4  
  32  3:42  Drone  
  32  3:43  Drone  
  33  3:51  Zergling x12  
  37  4:02  Queen  
  39  4:10  Queen  
  39  4:13  Overlord  
  39  4:16  Drone  
  41  4:27  Drone  
  41  4:28  Drone  
  41  4:30  Overlord  
  43  4:32  Drone  
  43  4:33  Drone  
  43  4:34  Drone  
  43  4:37  Zerg Missile Weapons Level 1  
  43  4:38  Roach Warren  
  45  4:39  Drone  
  45  4:42  Drone  
  47  4:50  Lair  
  47  4:52  Drone  
  48  4:53  Extractor  
  48  4:54  Drone, Extractor  
  47  5:00  Drone  
  47  5:05  Overlord  
  48  5:10  Overlord  
  48  5:16  Hatchery  
  48  5:19  Drone x4  
  51  5:24  Extractor  
  51  5:26  Roach x2  
  51  5:27  Baneling  
  51  5:28  Baneling  
  54  5:32  Roach  
  56  5:36  Roach x2  
  56  5:39  Roach  
  56  5:41  Drone  
  63  5:50  Drone  
  63  5:54  Spire, Drone  
  63  5:57  Drone x2  
  66  5:58  Drone  
  66  6:02  Overlord  
  67  6:07  Overlord  
  67  6:10  Overseer  
  67  6:12  Glial Reconstitution  
  67  6:22  Roach  
  67  6:23  Roach x3  
  67  6:24  Overlord  
  76  6:29  Roach x3  
  82  6:36  Baneling x2  
  82  6:43  Roach x4  
  75  6:54  Roach  
  75  6:55  Roach x4  
  75  6:57  Queen  
  82  7:07  Roach x4  
  87  7:10  Overlord  
  87  7:28  Mutalisk x2  
  87  7:29  Mutalisk, Hatchery  
  92  7:33  Mutalisk  
  92  7:36  Overlord  
  94  7:44  Mutalisk  
  94  7:47  Drone x3  
  99  7:58  Mutalisk  
  99  8:00  Overlord  
  99  8:04  Queen  
  103  8:07  Zerg Missile Weapons Level 2  
  103  8:14  Roach x2  
  103  8:15  Roach  
  103  8:18  Overlord  
  107  8:23  Overlord  
  107  8:30  Mutalisk  
  107  8:31  Overlord  
  107  8:33  Overlord  
  109  8:39  Drone  
  109  8:40  Drone x4  
  110  8:50  Mutalisk  
  110  8:51  Mutalisk x2  
  114  8:56  Extractor  
  114  8:58  Extractor  
  114  9:00  Mutalisk  
  114  9:07  Overseer  
  116  9:10  Roach x2  
  116  9:11  Overlord  
  116  9:14  Roach x2  
  122  9:20  Drone x3  
  122  9:23  Overlord  
  125  9:25  Roach  
  127  9:37  Roach x4  
  133  9:56  Roach x7  
  147  10:01  Ravager x5  
  147  10:03  Roach  
  147  10:06  Overlord  
  154  10:12  Roach x2  
  154  10:14  Overlord  
  158  10:20  Roach x2  
  162  10:21  Overlord  
  162  10:26  Zerg Ground Armor Level 1  
  162  10:30  Roach  
  162  10:43  Roach x6  
  162  10:47  Overlord  
  172  10:50  Ravager x4  
  172  10:51  Ravager  
  177  11:05  Overlord x2  
  177  11:14  Ravager  
  156  11:26  Roach  
  156  11:27  Roach x9  
  139  11:38  Roach x8  
  122  11:46  Roach  
  111  11:47  Roach x2  
  111  11:53  Roach x3  
  111  11:55  Roach  
  111  12:00  Roach x2  
Tags
 
Add a new tag
Caveats
  • Supply blocks, unpowered buildings, or Contaminate may cause inaccurate times.
  • Supply counts are checked every 10 seconds.